 Dungeon Crawl Stone Soup version 0.20.0-15-g7f486f2 (webtiles) character file.

117062 CrazyArbalest the Sniper (level 16, -4/146 HPs)
             Began as a Minotaur Hunter on June 15, 2017.
             Was the Champion of Okawaru.
             Slain by a wolf spider (16 damage)
             ... on level 1 of the Spider Nest on June 16, 2017.
             The game lasted 03:48:58 (30826 turns).

CrazyArbalest the Sniper (Minotaur Hunter)         Turns: 30826, Time: 03:48:59

Health: -4/146     AC:  7    Str: 32    XL:     16   Next: 22%
Magic:  0/16       EV: 14    Int:  8    God:    Okawaru [******]
Gold:   3113       SH:  0    Dex: 15    Spells: 15/15 levels left

rFire    . . .     SeeInvis .   a - +9 triple crossbow (velocity)
rCold    . . .     Gourm    .   (shield currently unavailable)
rNeg     . . .     Faith    .   F - +3 scale mail {rC+}
rPois    +         Spirit   +   q - +2 hat
rElec    .         Reflect  .   o - +0 cloak
rCorr    .         Harm     .   c - +1 pair of gloves of Feathili {rPois rC- Str+6 Dex+3}
MR       +....                  B - +0 pair of boots
Stlth    +.........             m - amulet of guardian spirit
Regen    0.4/turn               S - ring of poison resistance
MPRegen  0.2/turn               r - +3 ring of strength

@: corroded
A: retaliatory headbutt, horns 2
a: Heroism, Finesse, Renounce Religion


You were on level 1 of the Spider Nest.
You worshipped Okawaru.
Okawaru was exalted by your worship.
You were not hungry.

You visited 5 branches of the dungeon, and saw 25 of its levels.
You also visited: Labyrinth and Ice Cave.

You collected 3145 gold pieces.
You spent 32 gold pieces at shops.

Inventory:

Hand Weapons
 a - a +9 triple crossbow of velocity (weapon)
 b - the +7 flail of Vanoaph {antimagic, rF+ rC+ Dex-2}
   (You found it on level 2 of the Lair of Beasts)

   It reduces the magical energy of the wielder, and disrupts the spells and
   magical abilities of those hit.
   Natural abilities and divine invocations are not affected.
   It affects your dexterity (-2).
   It protects you from fire.
   It protects you from cold.
 u - a +1 great mace of holy wrath
 R - a +6 battleaxe of freezing
Missiles
 d - 155 bolts (quivered)
Armour
 c - the +1 pair of gloves of Feathili (worn) {rPois rC- Str+6 Dex+3}
   (Okawaru gifted it to you on level 4 of the Lair of Beasts)

   It affects your strength (+6).
   It affects your dexterity (+3).
   It makes you vulnerable to cold.
   It protects you from poison.
 n - a +2 chain mail of fire resistance
 o - a +0 cloak (worn)
 q - a +2 hat (worn)
 B - a +0 pair of boots (worn)
 F - a +3 scale mail of cold resistance (worn)
Jewellery
 l - an uncursed ring of fire
 m - an amulet of guardian spirit (around neck)
 r - a +3 ring of strength (right hand)
 t - a cursed ring of teleportation
 v - an uncursed ring of flight
 I - the brooch of Shielding {Reflect SH+8}
   (You found it on level 5 of the Dungeon)

   [amulet of reflection]

   It shields you and reflects attacks.
   It affects your SH (+8).
 S - a ring of poison resistance (left hand)
 W - an uncursed ring of protection from magic
Wands
 g - a wand of scattershot (5/9)
 i - a wand of digging (6/24)
 K - a wand of confusion (2/48)
 O - a wand of digging (13/24)
Scrolls
 e - 14 scrolls of remove curse
 s - 6 scrolls of identify
 A - 2 scrolls of fog
 N - 2 scrolls of magic mapping
 X - 3 scrolls of teleportation
Potions
 j - 7 potions of curing
 p - a potion of invisibility {unknown}
 P - a potion of heal wounds
Comestibles
 f - a meat ration
 h - 8 royal jellies
 k - a bread ration
 H - 26 fruits


   Skills:
 + Level 14.0 Fighting
 + Level 12.6 Maces & Flails
 * Level 21.8 Crossbows
 + Level 11.8 Armour
 + Level 6.2 Dodging
 + Level 3.4 Stealth
   Level 1.4 Shields
 + Level 1.7 Invocations
 + Level 1.7 Evocations


You had 15 spell levels left.
You didn't know any spells.

Dungeon Overview and Level Annotations

Branches:
Dungeon (15/15)            Temple (1/1) D:6            Lair (6/6) D:9
 Shoals (0/4) Lair:4       Spider (1/4) Lair:2        Slime (0/5) Lair:6
    Orc (2/2) D:11            Elf (0/3) Orc:2        Vaults (0/5) D:13
 Depths (0/5) D:15

Altars:
Ashenzari
Cheibriados
Dithmenos
Elyvilon
Fedhas
Gozag
Hepliaklqana
Kikubaaqudgha
Makhleb
Nemelex Xobeh
Okawaru
Qazlal
Ru
Sif Muna
Trog
Uskayaw
Vehumet
Xom
Yredelemnul
Zin
The Shining One
Beogh

Shops:
Orc:2 (=([

Annotations:
D:3 Nesteinburg's ghost, amateur KoHu
D:4 Quirk's ghost, amateur DsFi


Innate Abilities, Weirdness & Mutations

You reflexively headbutt those who attack you in melee.
You have a pair of horns on your head.


Message History

* * * LOW HITPOINT WARNING * * *
The entropy weaver hits you but does no damage.
The entropy weaver closely misses you. The entropy weaver barely misses you.
The entropy weaver closely misses you.
The demonic crawler hits you but does no damage.
The demonic crawler barely misses you.
The demonic crawler hits you but does no damage.
The redback bites you but does no damage.
Your surroundings flicker for a moment.
The wolf spider hits you!
* * * LOW HITPOINT WARNING * * *
The wolf spider closely misses you.
The entropy weaver hits you but does no damage.
The entropy weaver barely misses you. The entropy weaver hits you.
* * * LOW HITPOINT WARNING * * *
The entropy weaver hits you but does no damage.
The demonic crawler hits you!
* * * LOW HITPOINT WARNING * * *
The demonic crawler barely misses you. The demonic crawler misses you.
The wolf spider hits you!
You die...

#...####.......#^.##
#....# ##.#.#.###..##
##...##########.....#
#....##.##^.....#..#
##..............#..#
###...#........#...#
#####..####.###....
##.#^.###.##....
#..s@s...(.##...
#...#sa(.(#......#
#....##.####.....##
#..###### ##.^.## #..
....s ##. ....a. ##
...##s. .### #.


You could see an entropy weaver, a demonic crawler, a wolf spider and a redback.

Vanquished Creatures
  Donald (Orc:2)
  A frost giant (IceCv)
  2 orc warlords
  A ghost moth (Spider:1)
  An emperor scorpion (Spider:1)
  An ettin (D:15)
  A minotaur (Lab)
  Josephine (D:14)
  3 fire dragons
  Snorg (Lair:5)
  An ogre mage (D:15)
  12 hydras
  4 vault guards (D:13)
  7 two-headed ogres
  4 centaur warriors (D:13)
  2 catoblepae
  A tengu warrior (D:15)
  An orc high priest (Orc:2)
  5 death yaks
  Urug (D:14)
  Sonja (D:11)
  5 skeletal warriors (D:12)
  A swamp dragon (Lair:6)
  2 unseen horrors
  3 lindwurms
  A deep elf archer (D:15)
  The ghost of CrazyArbalest the Bolt Thrower, a novice MiHu of Okawaru (D:6)
  3 orc knights
  4 wolf spiders (Spider:1)
  2 oklob plants (Lair:4)
  2 deep elf magi
  11 ugly things
  A manticore (D:15)
  An orc sorcerer (Orc:2)
  An orb spider (Spider:1)
  The ghost of Mesmaeker13 the Covert, a novice VSAs of Nemelex Xobeh (D:8)
  A cyclops (D:14)
  2 elephants (Lair:5)
  4 black mambas
  A merfolk siren (Lair:4)
  An ice statue (IceCv)
  9 spiny frogs
  A gargoyle (D:9)
  3 centaur skeletons
  7 torpor snails
  2 rime drakes
  2 kobold demonologists
  A demonic crawler (Spider:1)
  4 komodo dragons
  3 jumping spiders (Spider:1)
  A tengu conjurer (D:15)
  5 trolls
  3 meliai (D:15)
  2 minotaur zombies (Lab)
  2 merfolk (Lair:4)
  8 hornets
  Prince Ribbit (D:7)
  19 polar bears
  3 tyrant leeches (Lair:6)
  8 dream sheep
  8 blink frogs (Lair:6)
  16 hippogriffs
  2 slime creatures (Lair:6)
  A meliai zombie (D:13)
  A centaur simulacrum (D:14)
  7 wyverns
  2 vampires (D:13)
  A redback (Spider:1)
  3 tarantellas (Spider:1)
  7 wraiths
  58 yaks
  6 hungry ghosts
  A basilisk (Lair:2)
  3 steam dragons (Lair:6)
  7 vampire mosquitoes
  9 wargs
  Edmund (D:4)
  An acid dragon (shapeshifter) (D:13)
  A soldier ant (D:12)
  13 water moccasins
  A soldier ant (shapeshifter) (D:15)
  Duvessa (D:5)
  2 acid dragons
  5 porcupines
  2 swamp drakes (Lair:6)
  35 orc warriors
  11 ice beasts
  2 black bears
  11 sky beasts
  3 necrophages
  6 phantoms
  13 ogres
  10 centaurs
  21 wolves
  12 crocodiles
  3 big kobolds
  A gnoll sergeant (Orc:2)
  17 bullfrogs
  Dowan (D:5)
  4 scorpions
  A killer bee (D:13)
  3 wights (D:13)
  4 howler monkeys
  2 electric eels
  6 crimson imps
  3 centaur zombies
  A bullfrog zombie (D:5)
  7 hounds
  6 jellies
  23 orc priests
  32 orc wizards
  4 bullfrog skeletons
  10 iguanas
  14 worker ants
  A hound skeleton (D:10)
  A worker ant zombie (D:10)
  14 adders
  13 gnolls
  6 shadow imps
  An ooze (D:1)
  An adder zombie (D:8)
  An adder skeleton (D:4)
  6 worms
  5 dart slugs
  12 leopard geckos
  113 orcs
  A ball python (D:1)
  6 giant cockroaches
  11 goblins
  4 hobgoblins
  7 jackals
  13 kobolds
  6 quokkas
  10 bats
  7 frilled lizards
  10 rats
  4 fungi
  2 plants
864 creatures vanquished.

Vanquished Creatures (others)
  A centaur warrior (D:15)
  A cyclops (Orc:1)
  An acid dragon (Lair:6)
  15 fungi
  18 plants
  10 toadstools (Lair:5)
46 creatures vanquished.

Grand Total: 910 creatures vanquished

Notes
Turn   | Place    | Note
-------+----------+-------------------------------------------
     0 | D:1      | CrazyArbalest the Minotaur Hunter began the quest for the Orb.
     0 | D:1      | Reached XP level 1. HP: 18/18 MP: 0/0
    63 | D:1      | Reached XP level 2. HP: 25/25 MP: 1/1
    89 | D:1      | Reached skill level 5 in Crossbows
   413 | D:1      | Reached XP level 3. HP: 29/30 MP: 2/2
   856 | D:2      | Found an iron altar of Okawaru.
   864 | D:2      | Became a worshipper of Warmaster Okawaru
   997 | D:2      | Reached skill level 1 in Maces & Flails
  1050 | D:2      | Reached XP level 4. HP: 21/37 MP: 3/3
  1497 | D:3      | Noticed Nesteinburg's ghost (amateur KoHu)
  1650 | D:3      | Reached skill level 1 in Armour
  1831 | D:3      | Reached XP level 5. HP: 34/44 MP: 4/4
  2750 | D:4      | Found a hazy altar of Hepliaklqana.
  2750 | D:4      | Found a burning altar of Makhleb.
  2750 | D:4      | Found a stormy altar of Qazlal.
  2763 | D:4      | Noticed Quirk's ghost (amateur DsFi)
  3260 | D:3      | Reached skill level 6 in Crossbows
  3260 | D:3      | Reached XP level 6. HP: 19/51 MP: 5/5
  3285 | D:4      | Noticed Edmund
  3858 | D:5      | Entered Level 5 of the Dungeon
  3863 | D:5      | Reached * piety under Okawaru
  4099 | D:5      | Reached XP level 7. HP: 29/57 MP: 6/6
  4155 | D:5      | Noticed Duvessa
  4187 | D:4      | HP: 2/57 [poisoned by Duvessa]
  4195 | D:4      | HP: 2/57 [poisoned by Duvessa]
  4422 | D:4      | Killed Edmund
  4422 | D:4      | Reached skill level 5 in Maces & Flails
  4422 | D:4      | Reached skill level 1 in Stealth
  4518 | D:5      | Found a shadowy altar of Dithmenos.
  4732 | D:5      | Killed Duvessa
  5082 | D:5      | Reached skill level 7 in Crossbows
  5126 | D:6      | Got a heavily runed leather armour
  5146 | D:6      | Reached ** piety under Okawaru
  5146 | D:6      | Reached XP level 8. HP: 59/67 MP: 7/7
  5166 | D:6      | Noticed CrazyArbalest's ghost (novice MiHu)
  5184 | D:6      | Killed CrazyArbalest's ghost
  5184 | D:6      | Reached skill level 8 in Crossbows
  5297 | D:6      | Identified the cursed +1 leather armour of the Arcane {rF+ MP+9 Int+5} (You found it on level 6 of the Dungeon)
  5351 | D:6      | Reached skill level 5 in Fighting
  5521 | D:6      | Found a staircase to the Ecumenical Temple.
  5611 | D:6      | Reached skill level 9 in Crossbows
  5613 | D:6      | Reached *** piety under Okawaru
  5796 | D:6      | Reached XP level 9. HP: 74/74 MP: 8/8
  5919 | D:5      | Noticed Dowan
  5930 | D:5      | Killed Dowan
  6007 | D:7      | Noticed Prince Ribbit
  6020 | D:7      | Killed Prince Ribbit
  6020 | D:7      | Reached skill level 10 in Crossbows
  6114 | D:7      | Found a hide-covered altar of Uskayaw.
  7133 | D:8      | Found a radiant altar of Vehumet.
  7170 | D:8      | Reached skill level 5 in Armour
  7193 | D:8      | Found a basalt altar of Yredelemnul.
  7254 | D:8      | Noticed Mesmaeker13's ghost (novice VSAs)
  7269 | D:8      | Reached skill level 11 in Crossbows
  7271 | D:8      | Reached **** piety under Okawaru
  7664 | D:8      | Killed Mesmaeker13's ghost
  7664 | D:8      | Reached XP level 10. HP: 57/84 MP: 9/9
  7668 | D:8      | Received a gift from Okawaru
  8168 | D:9      | Found a sparkling altar of Nemelex Xobeh.
  8469 | D:9      | Found a staircase to the Lair.
  9073 | D:10     | Entered Level 10 of the Dungeon
  9353 | D:10     | Received a gift from Okawaru
  9353 | D:10     | Reached skill level 10 in Maces & Flails
  9493 | D:10     | Reached skill level 12 in Crossbows
  9708 | D:10     | Reached ***** piety under Okawaru
 10386 | D:11     | Reached skill level 5 in Dodging
 10481 | D:11     | Noticed a rust devil
 10488 | D:11     | Received a gift from Okawaru
 10575 | D:11     | Reached XP level 11. HP: 87/95 MP: 10/10
 10859 | D:11     | Found a staircase to the Orcish Mines.
 10985 | D:11     | Found a blossoming altar of Fedhas.
 11014 | D:11     | Received a gift from Okawaru
 11048 | D:11     | Noticed a four-headed hydra
 11198 | D:11     | Killed a four-headed hydra
 11212 | D:11     | Noticed a two-headed ogre
 11575 | D:11     | Noticed Sonja
 11587 | D:11     | Killed a two-headed ogre
 11587 | D:11     | Received a gift from Okawaru
 11604 | D:11     | Killed Sonja
 11604 | D:11     | Reached skill level 13 in Crossbows
 11857 | Temple   | Entered the Ecumenical Temple
 12086 | Lair:1   | Entered Level 1 of the Lair of Beasts
 12093 | Lair:1   | Noticed a seven-headed hydra
 12101 | Lair:1   | Killed a seven-headed hydra
 12182 | Lair:1   | Noticed a five-headed hydra
 12197 | Lair:1   | Killed a five-headed hydra
 12243 | Lair:1   | Reached skill level 1 in Invocations
 13226 | Lair:2   | Received a gift from Okawaru
 13226 | Lair:2   | Reached skill level 10 in Fighting
 13240 | Lair:2   | Found a hole to the Spider Nest.
 13499 | Lair:2   | Got a brightly glowing flail
 13500 | Lair:2   | Identified the +7 flail of Vanoaph {antimagic, rF+ rC+ Dex-2} (You found it on level 2 of the Lair of Beasts)
 13637 | Lair:2   | Received a gift from Okawaru
 13637 | Lair:2   | Reached XP level 12. HP: 106/106 MP: 3/11
 13981 | Lair:2   | Received a gift from Okawaru
 15517 | Lair:2   | Noticed a four-headed hydra
 15525 | Lair:2   | Killed a four-headed hydra
 16041 | Lair:4   | Reached skill level 14 in Crossbows
 16377 | Lair:4   | Noticed a catoblepas
 16380 | Lair:4   | Killed a catoblepas
 16380 | Lair:4   | Received a gift from Okawaru
 16559 | Lair:4   | Noticed a seven-headed hydra
 16566 | Lair:4   | Killed a seven-headed hydra
 16707 | Lair:4   | Received a gift from Okawaru
 16769 | Lair:4   | Received a gift from Okawaru
 16771 | Lair:4   | Reached ****** piety under Okawaru
 17285 | Lair:4   | Found a staircase to the Shoals.
 17338 | Lair:4   | Received a gift from Okawaru
 17341 | Lair:4   | Got a pair of translucent gloves {god gift}
 17352 | Lair:4   | Identified the +1 pair of gloves of Feathili {rPois rC- Str+6 Dex+3} (Okawaru gifted it to you on level 4 of the Lair of Beasts)
 17383 | Lair:4   | Got a polished leather armour
 17401 | Lair:4   | Reached skill level 15 in Crossbows
 17452 | Lair:5   | Reached skill level 1 in Evocations
 17505 | Lair:5   | Reached XP level 13. HP: 116/117 MP: 12/12
 17562 | Lair:5   | Noticed Snorg
 17565 | Lair:5   | Killed Snorg
 17981 | Lair:5   | Found a runed door.
 18043 | Lair:5   | Found a glowing silver altar of Zin.
 18293 | Lair:5   | Reached skill level 16 in Crossbows
 18426 | Lair:5   | Got a twitching lapis lazuli ring
 18430 | Lair:5   | Got a shimmering spear
 18434 | Lair:5   | Identified the ring of Ompasyam {*Slow MR+ Str+6 Int-4} (You found it on level 5 of the Lair of Beasts)
 18435 | Lair:5   | Identified the +7 spear "Olastrus" {protect, rPois Str+2 Stlth+} (You found it on level 5 of the Lair of Beasts)
 18447 | Lair:5   | Identified the +2 leather armour of Intercession {Int+3 Stlth+} (You found it on level 4 of the Lair of Beasts)
 18584 | Lair:6   | Entered Level 6 of the Lair of Beasts
 18626 | Lair:6   | Found a staircase to the Slime Pits.
 18707 | Lair:6   | Received a gift from Okawaru
 18787 | Lair:6   | Found a labyrinth entrance.
 18812 | Lab      | Entered a labyrinth
 19237 | Lab      | Noticed a minotaur
 19241 | Lab      | Killed a minotaur
 19258 | Lab      | Identified the Disquisition on Talismans
 19287 | Lab      | Got a translucent spear
 19290 | Lab      | Identified the +8 spear of the Gnat {venom, +Rage Dex+5} (You found it in a labyrinth)
 20385 | Lair:6   | Reached skill level 17 in Crossbows
 20466 | Lair:6   | Reached skill level 10 in Armour
 20600 | Lair:6   | Reached skill level 1 in Shields
 20605 | Lair:6   | Noticed a fire dragon
 20675 | Lair:6   | Killed a fire dragon
 20675 | Lair:6   | Reached XP level 14. HP: 101/126 MP: 14/14
 20851 | Lair:6   | Found a runed door.
 22056 | Lair:6   | Received a gift from Okawaru
 22415 | Lair:4   | Received a gift from Okawaru
 22719 | Orc:1    | Entered Level 1 of the Orcish Mines
 22949 | Orc:1    | Reached skill level 18 in Crossbows
 23076 | Orc:2    | Entered Level 2 of the Orcish Mines
 23080 | Orc:2    | Noticed an orc warlord
 23116 | Orc:1    | Killed an orc warlord
 23178 | Orc:2    | Found a staircase to the Elven Halls.
 23378 | Orc:2    | Noticed Donald
 23388 | Orc:2    | Killed Donald
 23416 | Orc:2    | Found a roughly hewn altar of Beogh.
 23485 | Orc:2    | Found a roughly hewn altar of Beogh.
 23522 | Orc:2    | Found a roughly hewn altar of Beogh.
 23756 | Orc:2    | Found a roughly hewn altar of Beogh.
 23791 | Orc:2    | Found a roughly hewn altar of Beogh.
 23952 | Orc:2    | Found Jiyx's Antique Weapon Emporium.
 24062 | Orc:2    | Found a roughly hewn altar of Beogh.
 24088 | Orc:2    | Found Owko's Jewellery Boutique.
 24097 | Orc:2    | Bought a cursed amulet of inaccuracy for 32 gold pieces
 24216 | Orc:2    | Noticed an orc warlord
 24235 | Orc:2    | Killed an orc warlord
 24331 | Orc:2    | Found Jirphoz's Antique Weapon Emporium.
 24332 | Orc:2    | Found a roughly hewn altar of Beogh.
 24335 | Orc:2    | Found Utait's Antique Armour Shoppe.
 25568 | D:12     | Reached skill level 19 in Crossbows
 26371 | D:13     | Reached XP level 15. HP: 132/135 MP: 15/15
 26390 | D:13     | Received a gift from Okawaru
 26395 | D:13     | Received a gift from Okawaru
 26458 | D:13     | Found a gate to the Vaults.
 27164 | D:14     | Reached skill level 20 in Crossbows
 27485 | D:14     | Noticed Urug
 27491 | D:14     | Killed Urug
 27504 | D:14     | Found a glowing golden altar of the Shining One.
 27920 | D:14     | Noticed Josephine
 27928 | D:14     | Killed Josephine
 28058 | D:15     | Entered Level 15 of the Dungeon
 28061 | D:15     | Received a gift from Okawaru
 28082 | D:15     | Received a gift from Okawaru
 28234 | D:15     | Received a gift from Okawaru
 28271 | D:15     | Found a frozen archway.
 28328 | IceCv    | Entered an ice cave
 28809 | IceCv    | Reached skill level 21 in Crossbows
 28856 | IceCv    | Noticed a frost giant
 28867 | IceCv    | Killed a frost giant
 29244 | D:15     | Found a staircase to the Depths.
 29271 | D:15     | Received a gift from Okawaru
 29478 | D:15     | Received a gift from Okawaru
 29496 | D:15     | Reached XP level 16. HP: 111/145 MP: 16/16
 30047 | D:15     | Found a radiant altar of Vehumet.
 30562 | Spider:1 | Entered Level 1 of the Spider Nest
 30826 | Spider:1 | Slain by a wolf spider

Skill      XL: |  1  2  3  4  5  6  7  8  9 10 11 12 13 14 15 16 |
---------------+-------------------------------------------------+-----
Crossbows      | 5 6 7 9 11 12 13 15 17 19 21 | 21.8
Maces & Flails | 1 2 3 4 5 6 9 10 11 12 | 12.6
Armour         | 1 2 3 4 5 6 8 10 11 | 11.8
Fighting       | 3 4 5 6 8 10 11 12 13 14 | 14.0
Dodging        | 3 4 5 6 |  6.2
Stealth        | 1 2 3 |  3.4
Invocations    | 1 |  1.7
Evocations     | 1 |  1.7
Shields        | 1 |  1.4

Action                   |  1- 3 |  4- 6 |  7- 9 | 10-12 | 13-15 | 16-18 || total
-------------------------+-------+-------+-------+-------+-------+-------++-------
Melee: Short sword       |    13 |       |       |       |       |       ||    13
       Headbutt          |    17 |    20 |    12 |    31 |    19 |       ||    99
       Club              |   101 |    26 |       |       |       |       ||   127
       Flail             |       |    93 |    90 |   190 |    57 |       ||   430
       Triple crossbow   |       |       |       |       |     1 |       ||     1
 Fire: Hand crossbow     |       |    40 |   262 |   507 |       |       ||   809
       Triple crossbow   |       |       |       |    94 |   955 |    65 ||  1114
Invok: Heroism           |       |       |     4 |     9 |     9 |       ||    22
       Finesse           |       |       |       |       |     1 |       ||     1
 Abil: Evoke Flight      |       |       |       |     1 |    12 |       ||    13
Evoke: Wand              |       |       |       |     8 |       |       ||     8
  Use: Scroll            |       |     2 |     3 |    26 |    13 |     2 ||    46
       Potion            |       |       |       |       |     3 |     1 ||     4
 Stab: Sleeping          |       |       |     3 |     1 |       |       ||     4
       Paralysed         |       |       |       |     2 |       |       ||     2
  Eat: Chunk             |     1 |     9 |    11 |    29 |    28 |     4 ||    82
       Royal jelly       |       |       |       |     1 |       |       ||     1
       Fruit             |       |       |       |       |    16 |       ||    16
Armor: Leather armour    |    35 |    14 |    25 |    25 |       |       ||    99
       Ring mail         |       |    18 |    14 |       |       |       ||    32
       Chain mail        |       |       |       |   163 |   317 |       ||   480
       Scale mail        |       |       |       |       |    49 |    30 ||    79
Dodge: Dodged            |    87 |   102 |    90 |   207 |   371 |    34 ||   891
Block: Other             |       |       |    47 |   180 |   257 |     4 ||   488
       Reflection        |       |       |     2 |     5 |    21 |     2 ||    30
